 Dungeon Crawl Stone Soup version 0.31-a0-692-gf03d1854d5 (webtiles) character file.

Game seed: 12093322677447137278

227018 Essalna the Warrior (level 18, -4/128 HPs)
             Began as a Demonspawn Conjurer on Sept 7, 2023.
             Was the Champion of Vehumet.
             Killed from afar by a white draconian stormcaller (37 damage)
             ... with a blast of cold
             ... on level 2 of the Abyss.
             The game lasted 02:24:39 (37372 turns).

Essalna the Warrior (Demonspawn Conjurer)          Turns: 37372, Time: 02:24:39

Health: -4/128     AC: 18    Str: 11    XL:     18   Next: 66%
Magic:  28/43      EV: 15    Int: 36    God:    Vehumet [******]
Gold:   927        SH:  5    Dex: 11    Spells: 5/41 levels left

rFire   + + .        y - +5 whip "Vacaezem" {heavy, Fly rN+ Int+3 Dex-5}
rCold   x . .        X - +0 buckler
rNeg    + . .        f - +9 ring mail of Vyruel {rElec rPois rCorr Str+2}
rPois   +            (no helmet)
rElec   +            d - scarf {rC+ rF+}
rCorr   +            B - +0 pair of gloves
SInv    .            E - +2 pair of slick slippers {slick, slippery, EV+4}
Will    +....        s - amulet of magic regeneration Stlth
                     M - ring of magical power
HPRegen 0.00/turn    m - ring "Bongeka" {rElec rPois rF+ Int+4 Dex+3 Stlth-}
MPRegen 0.68/turn

%: no passive effects
@: sick, flying, inhibited regen, studying 3 skills
A: demonic guardian 3, powered by death 2, big brain 2, demonic touch 2, [frail
2], [screaming 2], [inhibited regeneration], ([teleportitis 2]), [cold
vulnerability 2], [subdued magic 2], [inability to drink after injury 2]
}: 1/15 runes: barnacled
a: Renounce Religion


You were on level 2 of the Abyss.
You worshipped Vehumet.
Vehumet was exalted by your worship.
You visited 7 branches of the dungeon, and saw 29 of its levels.
You visited the Abyss 1 time.
You visited 1 bazaar.
You also visited: Ossuary and Bailey.

You collected 3506 gold pieces.
You spent 2579 gold pieces at shops.

Inventory:

Hand Weapons
 l - the +6 flail of Meifi {flame, Int+4}
   (You bought it in a shop in a bazaar)

   Int+4:     It affects your intelligence (+4).
 y - the +5 whip "Vacaezem" (weapon) {heavy, Fly rN+ Int+3 Dex-5}
   (You found it on level 5 of the Dungeon)

   Int+3:     It affects your intelligence (+3).
   Dex-5:     It affects your dexterity (-5).
   rN+:       It protects you from negative energy.
   Fly:       It grants you flight.
Armour
 d - a scarf of resistance (worn)
 f - the +9 ring mail of Vyruel (worn) {rElec rPois rCorr Str+2}
   (You found it on level 10 of the Dungeon)

   Str+2:     It affects your strength (+2).
   rElec:     It insulates you from electricity.
   rPois:     It protects you from poison rCorr: It protects you from acid and
   corrosion.
 k - the +1 scale mail of Decaying Beauty {rF++ rC- Regen+ Str+3}
   (You found it on level 2 of the Shoals)

   Str+3:     It affects your strength (+3).
   rF++:      It greatly protects you from fire.
   rC-:       It makes you vulnerable to cold.
   Regen+:    It increases your rate of health regeneration.
 v - the +3 cloak of Pride {Str+3 Dex+3 Stlth-}
   (You found it on level 5 of the Dungeon)

   Str+3:     It affects your strength (+3).
   Dex+3:     It affects your dexterity (+3).
   Stlth-:    It makes you less stealthy.
 B - a +0 pair of gloves (worn)
 E - the +2 pair of slick slippers (worn) {slick, slippery, EV+4}
   (You bought it in a shop on level 3 of the Snake Pit)

   Slick:     Its wearer cannot be constricted, engulfed, netted or webbed.
   Slippery:  Its wearer slips away from damaging melee attacks, pulling the
   attacker onward.
   EV+4:      It affects your evasion (+4).
 F - a +2 kite shield of cold resistance
 O - a +2 robe of positive energy
 X - a +0 buckler (worn)
Jewellery
 m - the ring "Bongeka" (right hand) {rElec rPois rF+ Int+4 Dex+3 Stlth-}
   (You acquired it on level 3 of the Elven Halls)

   [ring of protection from fire]

   Int+4:     It affects your intelligence (+4).
   Dex+3:     It affects your dexterity (+3).
   rF+:       It protects you from fire.
   rElec:     It insulates you from electricity.
   rPois:     It protects you from poison Stlth-: It makes you less stealthy.
 o - a +4 ring of protection
 s - an amulet of magic regeneration (around neck)
 u - a ring of resist corrosion
 C - a ring of poison resistance
 M - a ring of magical power (left hand)
 N - an amulet of the acrobat
 P - a ring of protection from cold
 S - a +6 ring of intelligence
 U - a +4 ring of protection
 Y - a ring of willpower
Wands
 D - a wand of iceblast (14)
 V - a wand of charming (6)
Scrolls
 j - 4 scrolls of blinking
 n - a scroll of revelation
 r - 6 scrolls of enchant armour
 t - 4 scrolls of enchant weapon
 x - a scroll of noise
 G - a scroll of poison
 H - 3 scrolls of amnesia
 J - 5 scrolls of fog
 L - 3 scrolls of teleportation
 Q - a scroll of butterflies
 T - a scroll of fear
 Z - a scroll of brand weapon
Potions
 a - 4 potions of haste
 b - 2 potions of magic
 c - a potion of berserk rage
 e - 4 potions of degeneration
 g - a potion of might
 h - 2 potions of heal wounds
 i - 5 potions of lignification
 p - 8 potions of enlightenment
 q - 4 potions of attraction
 w - 5 potions of cancellation
 z - a potion of invisibility
 A - 2 potions of curing
 I - 5 potions of mutation
 K - 3 potions of resistance
 R - 4 potions of brilliance
 W - a potion of ambrosia


   Skills:
 - Level 19.0 Fighting
 - Level 6.2 Armour
 - Level 5.4 Dodging
 - Level 1.7 Stealth
 + Level 6.4 Shields
 - Level 12.0 Spellcasting
 - Level 14.0 Conjurations
 + Level 5.0 Necromancy
 + Level 17.3 Fire Magic
 - Level 5.0 Earth Magic


You had 5 spell levels left.
You knew the following spells:

 Your Spells              Type           Power      Damage    Failure   Level
a - Magic Dart            Conj           100%       1d8       0%          1
b - Searing Ray           Conj           100%       2d8       0%          2
c - Ignition              Fire           37%        3d11      6%          8
d - Orb of Destruction    Conj           33%        9d10      2%          7
e - Leda's Unmaking       Conj/Erth      27%        9d5       3%          6
f - Iskenderun's Battles  Conj           66%        2d12      1%          5
g - Fireball              Conj/Fire      35%        3d15      1%          5
h - Sublimation of Blood  Necr           36%        N/A       1%          2

Your spell library contained the following spells:

 Spells                   Type           Power      Damage    Failure   Level
 Maxwell's Capacitive Co  Air            6%         ∞         100%        8
 Foxfire                  Conj/Fire      100%       2x1d9     0%          1
 Kiss of Death            Conj/Necr      100%       2d13      0%          1
 Necrotise                Necr           100%       1d9       1%          1
 Momentum Strike          Conj/Tloc      90%        3d10      1%          2
 Passwall                 Tmut/Erth      20%        N/A       1%          2
 Dazzling Flash           Conj/Hex       90%        N/A       1%          3
 Ignite Poison            Fire/Tmut/Pois 39%        N/A       1%          3
 Stone Arrow              Conj/Erth      100%       3d13      1%          3
 Volatile Blastmotes      Fire/Tloc      100%       2d18      1%          3
 Fulminant Prism          Conj/Hex       22%        3d12      1%          4
 Iskenderun's Mystic Bla  Conj/Tloc      45%        2d10      1%          4
 Irradiate                Conj/Tmut      22%        3d19      1%          5
 Cigotuvi's Dreadful Rot  Necr/Pois/Air  42%        N/A       2%          2
 Apportation              Tloc           26%        N/A       3%          1
 Summon Small Mammal      Summ           52%        N/A       3%          1
 Lee's Rapid Deconstruct  Erth           18%        3d11*     3%          5
 Animate Dead             Necr           36%        N/A       4%          4
 Dispel Undead            Necr           36%        3d15      4%          4
 Freezing Cloud           Conj/Ice/Air   17%        6-21      4%          5
 Blink                    Tloc           26%        N/A       5%          2
 Ensorcelled Hibernation  Hex/Ice        26%        N/A       5%          2
 Lesser Beckoning         Tloc           26%        N/A       5%          2
 Wereblood                Tmut           13%        N/A       5%          2
 Confusing Touch          Hex            13%        N/A       11%         3
 Summon Guardian Golem    Hex/Summ       13%        N/A       11%         3
 Swiftness                Air            13%        N/A       11%         3
 Tukima's Dance           Hex            13%        N/A       11%         3
 Olgreb's Toxic Radiance  Pois           13%        N/A       11%         4
 Animate Armour           Summ/Erth      48%        N/A       13%         4
 Leda's Liquefaction      Hex/Erth       12%        N/A       13%         4
 Yara's Violent Unravell  Hex/Tmut       6%         3d5       30%         5
 Passage of Golubria      Tloc           13%        N/A       38%         4
 Plasma Beam              Fire/Air       25%        2x1d38    4%          6
 Conjure Ball Lightning   Conj/Air       22%        3x3d6     10%         6
 Spellforged Servitor     Conj/Summ      22%        N/A       45%         7
 Lehudib's Crystal Spear  Conj/Erth      27%        10d7      80%         8
 Discord                  Hex            6%         N/A       100%        8
 Disjunction              Tloc           6%         N/A       100%        8
 Death's Door             Necr           18%        N/A       100%        9


Dungeon Overview and Level Annotations

Branches:
Dungeon (10/15)            Temple (1/1) D:7            Lair (5/5) D:10
 Shoals (4/4) Lair:2        Snake (4/4) Lair:3        Slime (0/5) Lair:4
    Orc (2/2) D:9             Elf (3/3) Orc:2       Ossuary (visited)
 Bailey (visited)

Altars:
Ashenzari
Cheibriados
Dithmenos
Fedhas
Gozag
Hepliaklqana
Kikubaaqudgha
Makhleb
Nemelex Xobeh
Okawaru
Qazlal
Ru
Sif Muna
Trog
Uskayaw
Vehumet
Wu Jian
Xom
Yredelemnul
Jiyva

Shops:
D:8 *   Orc:1 [   Orc:2 ([?[::   Elf:1 ::=   Elf:2 (?[:   Snake:3 (*:*

Annotations:
D:3 2 runed translucent doors, goupaloupa's ghost, amateur DsFi
D:5 2 transporters, ouz's ghost, amateur DsSh
Orc:2 2 transporters, Kiciri's ghost, journeyman DrSh
Elf:2 Zenata


Innate Abilities, Weirdness & Mutations

A powerful demonic guardian rushes to your aid.
You regenerate health from kills.
You have an extremely huge brain. (Int +4)
Your touch may inflict irresistible damage on your foes.
[You are very frail. (-20% HP)]
[You frequently scream uncontrollably at your foes.]
[You do not regenerate when monsters are visible.]
[((You are often teleported next to monsters.))]
[You are very vulnerable to cold. (rC--)]
[Your spells are easier to cast, but less powerful.]
[You sometimes lose the ability to drink potions when taking damage.]


Message History

Casting: Fireball (safe; 1% risk of failure)
Confirm with . or Enter, or press ? or * to list all spells.
Aiming: Fireball (safe; 1% risk of failure)
Press: ? - help, Shift-Dir - straight line, f/p - large abomination
Aim: a large abomination (almost destroyed, ally target)
Okay, then.
Casting: Fireball (safe; 1% risk of failure)
Confirm with . or Enter, or press ? or * to list all spells.
Aiming: Magic Dart (safe; 0% risk of failure)
Press: ? - help, Shift-Dir - straight line, f/p - large abomination
Aim: a large abomination (almost destroyed, ally target, 100% to hit)
The magic dart hits the large abomination.
The large abomination is almost destroyed.
Your battlesphere fires!
The barrage of energy hits the large abomination.
You destroy the large abomination!
Vehumet accepts your kill.
You swap places.
A white draconian stormcaller comes into view.
It is wielding a +0 dagger.
You swap places.
Casting: Magic Dart (safe; 0% risk of failure)
Confirm with . or Enter, or press ? or * to list all spells.
Aiming: Orb of Destruction (dangerous; 2% risk of failure)
Press: ? - help, Shift-Dir - straight line, f - white draconian stormcaller
Aim: a white draconian stormcaller, wielding a +0 dagger and wearing a +1 cloak You hear a roar!
Your battlesphere fires!
The barrage of energy hits the white draconian stormcaller!
The white draconian stormcaller is moderately wounded.
A smoke demon comes into view.
The orb of destruction hits the white draconian stormcaller!!!
The white draconian stormcaller is almost dead.
The smoke demon gestures at you. Something smites you!
* * * LOW HITPOINT WARNING * * *
The white draconian stormcaller breathes frost at you.
The blast of cold hits your battlesphere.
Your battlesphere resists.
The blast of cold hits you!!!
You feel a terrible chill!
You die...

.. ..........
... . .
.............
### ###... ..
.###. . ##
.###.....##
##
..###.#.####
. ....
..#.##..#..#
# ..
##.#.....# ..
. #
#.#...##### .
# #..@...#
..# #3#.*####
#... #.
##☼#.#.# # #
## .
#.○...##.. ..
.# .
#.q#.....#.
..
....#...#..#
# # #.#.#.
.## #. ..#..
. ## . #
.....# .#


You could see a white draconian stormcaller (catching breath, ally target), a
smoke demon and a friendly battlesphere.

Vanquished Creatures
  Mara (Snake:4)
  Vashnia (Snake:2)
  Nikola (Shoals:2)
  Jorgrun (Elf:2)
  Rupert (Orc:2)
  2 krakens
  Ilsuiw (Shoals:2)
  Donald (Elf:2)
  2 nagarajas (Snake:4)
  2 orc warlords
  2 deep elf demonologists
  2 deep elf annihilators
  The ghost of Porueniw the Basher, a journeyman OpCK of Gozag (Orc:1)
  A blizzard demon (Abyss:2)
  3 deep elf death magi (Elf:1)
  5 merfolk javelineers
  2 spectral krakens (Shoals:3)
  Josephine (Orc:2)
  12 merfolk impalers
  Harold (Lair:1)
  2 salamander tyrants
  3 catoblepae (Lair:5)
  3 ghost crabs (Shoals:3)
  Fannar (Lair:2)
  4 merfolk avatars
  2 ogre magi (Orc:2)
  A merfolk aquamancer (Shoals:4)
  2 alligator snapping turtles
  3 hydras
  2 centaur warriors
  5 anacondas
  11 naga warriors
  12 dancing weapons
  10 two-headed ogres
  A satyr (Shoals:3)
  14 death yaks
  9 naga sharpshooters
  2 thrashing horrors (Abyss:2)
  6 shock serpents
  12 deep elf knights
  2 wretched stars (Abyss:2)
  2 salamander mystics (Snake:3)
  A soul eater (Abyss:2)
  5 skysharks
  13 sea snakes
  A deep troll (Orc:2)
  4 naga ritualists
  3 deep elf archers
  A kraken simulacrum (Shoals:4)
  16 deep elf zephyrmancers
  18 harpies
  24 deep elf pyromancers
  5 mana vipers
  3 orc sorcerers
  2 orc knights (D:9)
  4 spectral merfolk (Shoals:3)
  3 cyclopes
  8 manticores
  7 fauns
  15 salamanders
  14 elephants
  4 guardian serpents
  8 water nymphs
  29 black mambas
  7 merfolk sirens
  10 naga magi
  Jeremiah (D:6)
  2 spectral sea snakes (Shoals:3)
  A torpor snail (Lair:4)
  A hellion (Abyss:2)
  8 rime drakes
  8 cane toads
  A yaktaur (D:10)
  4 komodo dragons
  An ancient zyme (Abyss:2)
  7 trolls
  26 merfolk
  5 wind drakes
  Prince Ribbit (D:6)
  26 blink frogs
  2 spectral manticores (Shoals:3)
  A polar bear (Lair:3)
  A hornet (D:9)
  13 snapping turtles
  8 dream sheep
  3 air elementals
  A basilisk (Lair:1)
  6 wraiths
  3 wyverns
  6 water elementals
  40 yaks
  A fire elemental (Elf:1)
  4 large abominations (Abyss:2)
  4 wargs
  45 nagas
  An acid dragon (D:8)
  16 water moccasins
  28 orc warriors
  3 black bears
  22 ogres
  6 wolves
  7 centaurs
  10 kobold brigands
  11 bullfrogs
  2 small abominations (Abyss:2)
  4 earth elementals
  3 scorpions
  4 wights
  3 killer bees (D:9)
  2 howler monkeys (D:8)
  An electric eel (D:8)
  3 hounds
  13 orc priests
  4 jellies (Lair:4)
  4 sleepcaps
  10 hell rats (Lair:4)
  10 iguanas
  19 orc wizards
  3 mummies (Ossuary)
  3 gnolls (D:5)
  6 adders
  2 white imps
  An ufetubus (D:5)
  A worm (D:2)
  2 dart slugs
  72 orcs
  7 endoplasms
  4 giant cockroaches
  8 hobgoblins
  4 jackals (D:4)
  2 quokkas
  6 ball pythons
  4 bats
  2 frilled lizards (D:1)
  5 goblins
  4 goblin zombies (Ossuary)
  3 hobgoblin zombies (Ossuary)
  37 kobolds
  5 kobold zombies (Ossuary)
  7 rats
  A fulminant prism (Orc:1)
  A tentacle (Shoals:2)
963 creatures vanquished.

Vanquished Creatures (collateral kills)
  Aizul (Snake:2)
  A deep elf demonologist (Elf:1)
  A merfolk impaler (Shoals:4)
  An anaconda (Snake:1)
  A two-headed ogre (Orc:1)
  3 death yaks
  Urug (Lair:1)
  A sea snake (Shoals:4)
  A naga ritualist (Snake:1)
  A deep troll (Orc:1)
  A deep elf pyromancer (Elf:1)
  A deep elf zephyrmancer (Elf:1)
  A manticore (Lair:5)
  A cyclops (Orc:2)
  A salamander (Snake:2)
  Joseph (D:9)
  2 black mambas
  A smoke demon (Abyss:2)
  An unseen horror (D:10)
  A hornet (D:9)
  2 trolls
  A merfolk (Shoals:2)
  2 blink frogs (Lair:2)
  4 yaks (Lair:5)
  Menkaure (D:7)
  Edmund (D:6)
  A naga (Snake:1)
  2 water moccasins
  2 orc warriors
  A kobold brigand (D:10)
  An earth elemental (Elf:2)
  An orc wizard (D:8)
  2 orcs (D:8)
44 creatures vanquished.

Vanquished Creatures (others)
  A sea snake (Shoals:4)
  A fire elemental (Elf:1)
  106 fulminant prisms
  19 tentacles
127 creatures vanquished.

Grand Total: 1134 creatures vanquished

Notes
Turn   | Place    | Note
-------+----------+-------------------------------------------
     0 | D:1      | Essalna the Demonspawn Conjurer began the quest for the
                  | Orb.
     0 | D:1      | Reached XP level 1. HP: 13/13 MP: 3/3
   260 | D:1      | Gained mutation: You have an unusually large brain. (Int
                  | +2) [demonic ancestry]
   260 | D:1      | Reached XP level 2. HP: 19/19 MP: 3/5
  1209 | D:2      | Reached XP level 3. HP: 24/24 MP: 2/7
  1649 | D:2      | Learned a level 2 spell: Searing Ray
  1962 | D:3      | Gained mutation: You regenerate a little health from kills.
                  | [demonic ancestry]
  1962 | D:3      | Reached XP level 4. HP: 30/30 MP: 6/8
  1978 | D:3      | You fall into a shaft and drop 1 floor!
  2064 | D:3      | Reached skill level 5 in Conjurations
  2080 | D:3      | Found a large runed translucent door.
  2080 | D:3      | Found a large runed translucent door.
  2082 | D:3      | Noticed goupaloupa's ghost (amateur DsFi)
  2478 | D:3      | Found a faded altar of an unknown god.
  2530 | D:3      | Gained mutation: A weak demonic guardian rushes to your
                  | aid. [demonic ancestry]
  2530 | D:3      | Reached XP level 5. HP: 35/35 MP: 6/10
  2905 | D:4      | Found an ancient bone altar of Kikubaaqudgha.
  3101 | D:4      | Reached skill level 1 in Fighting
  3258 | D:4      | Reached XP level 6. HP: 44/44 MP: 7/12
  3398 | D:4      | Reached skill level 2 in Fighting
  3665 | D:5      | Entered Level 5 of the Dungeon
  3673 | D:5      | Identified the +3 cloak of Pride {Str+3 Dex+3 Stlth-}
  3757 | D:5      | Reached skill level 3 in Fighting
  3846 | D:5      | Reached XP level 7. HP: 52/52 MP: 9/13
  3987 | D:5      | Reached skill level 4 in Fighting
  4074 | D:5      | Identified the +5 whip "Vacaezem" {heavy, Fly rN+ Int+3
                  | Dex-5}
  4079 | D:5      | Found a transporter.
  4082 | D:5      | Noticed ouz's ghost (amateur DsSh)
  4083 | D:5      | Found a transporter.
  4305 | D:6      | Noticed Prince Ribbit
  4314 | D:6      | Killed Prince Ribbit
  4315 | D:6      | Reached skill level 5 in Fighting
  4315 | D:6      | Gained mutation: A demonic guardian rushes to your aid.
                  | [demonic ancestry]
  4315 | D:6      | Reached XP level 8. HP: 35/63 MP: 7/14
  4517 | D:6      | Reached skill level 6 in Fighting
  4677 | D:6      | Noticed Jeremiah
  4709 | D:6      | Killed Jeremiah
  4710 | D:6      | Reached skill level 1 in Armour
  5057 | D:6      | Noticed Edmund
  5086 | D:4      | Found an ornate altar of the Wu Jian Council.
  5086 | D:4      | Found a burning altar of Makhleb.
  5261 | D:6      | Gained mutation: A powerful demonic guardian rushes to your
                  | aid. [demonic ancestry]
  5261 | D:6      | Reached XP level 9. HP: 71/71 MP: 15/15
  5339 | D:6      | Killed Edmund
  5458 | D:7      | Found a sand-covered staircase.
  5465 | Ossuary  | Entered an ossuary
  6102 | D:7      | Found a staircase to the Ecumenical Temple.
  6111 | Temple   | Entered the Ecumenical Temple
  6120 | Temple   | Became a worshipper of Vehumet
  6159 | D:7      | Reached skill level 7 in Fighting
  6244 | D:7      | Noticed Menkaure
  6246 | D:7      | Killed Menkaure
  7218 | D:8      | Reached * piety under Vehumet
  7218 | D:8      | Offered knowledge of Foxfire by Vehumet.
  7450 | D:8      | Noticed a two-headed ogre
  7457 | D:8      | Killed a two-headed ogre
  7458 | D:8      | Gained mutation: Your touch may inflict minor irresistible
                  | damage on your foes. [demonic ancestry]
  7458 | D:8      | Reached XP level 10. HP: 59/80 MP: 16/16
  7554 | D:8      | Reached skill level 8 in Fighting
  7554 | D:8      | Reached skill level 5 in Dodging
  7778 | D:8      | Reached skill level 10 in Conjurations
  7889 | D:8      | Found Vygo's General Store.
  8160 | D:9      | Found a staircase to the Orcish Mines.
  8166 | D:9      | Reached ** piety under Vehumet
  8166 | D:9      | Offered knowledge of Poisonous Vapours by Vehumet.
  8326 | D:9      | Found a hide-covered altar of Uskayaw.
  8370 | D:9      | Reached skill level 5 in Armour
  8545 | D:9      | Noticed Joseph
  8574 | D:9      | Killed Joseph
  8764 | D:9      | Paralysed by a hornet for 3 turns
  8766 | D:9      | Reached skill level 9 in Fighting
  8766 | D:9      | Reached skill level 5 in Spellcasting
  9125 | D:9      | Offered knowledge of Scorch by Vehumet.
  9250 | D:9      | Paralysed by a hornet for 2 turns
  9380 | D:10     | Entered Level 10 of the Dungeon
  9536 | D:10     | Found a flagged portal.
  9554 | Bailey   | Entered a bailey
  9636 | Bailey   | Learned a level 4 spell: Fulminant Prism
  9775 | Bailey   | Identified the +6 chain mail of Understanding {+Blink Str+2
                  | Stlth+}
  9879 | Bailey   | Reached *** piety under Vehumet
  9883 | Bailey   | Reached XP level 11. HP: 38/89 MP: 19/19
 10081 | Bailey   | Found a bloodstained altar of Trog.
 10363 | D:10     | Offered knowledge of Mephitic Cloud by Vehumet.
 10568 | D:10     | Found a staircase to the Lair.
 10615 | D:10     | Identified the +9 ring mail of Vyruel {rElec rPois rCorr
                  | Str+2}
 10899 | Lair:1   | Entered Level 1 of the Lair of Beasts
 10924 | Lair:1   | Reached skill level 10 in Fighting
 10992 | Lair:1   | Noticed Urug
 11002 | Lair:1   | Killed Urug
 11185 | Lair:1   | Noticed Harold
 11201 | Lair:1   | Killed Harold
 11707 | Lair:1   | Learned a level 7 spell: Orb of Destruction
 12225 | Lair:2   | Noticed a death yak
 12225 | Lair:2   | Noticed a death yak
 12247 | Lair:1   | Killed a death yak
 12292 | Lair:2   | Noticed an eight-headed hydra
 12296 | Lair:2   | Killed an eight-headed hydra
 12297 | Lair:2   | Reached skill level 11 in Fighting
 12441 | Lair:2   | Noticed a death yak
 12441 | Lair:2   | Noticed a death yak
 12451 | Lair:2   | Noticed a death yak
 12453 | Lair:2   | Noticed a death yak
 12469 | Lair:1   | Killed a death yak
 12470 | Lair:1   | Gained mutation: You have an extremely huge brain. (Int +4)
                  | [demonic ancestry]
 12470 | Lair:1   | Reached XP level 12. HP: 35/100 MP: 20/23
 12776 | Lair:2   | Reached **** piety under Vehumet
 12956 | Lair:2   | Noticed Fannar
 12961 | Lair:2   | Killed Fannar
 13095 | Lair:2   | Found a staircase to the Shoals.
 13175 | Lair:2   | Offered knowledge of Hailstorm by Vehumet.
 13834 | Lair:2   | Killed a death yak
 13835 | Lair:2   | Reached skill level 12 in Fighting
 13847 | Lair:1   | Killed a death yak
 13867 | Lair:2   | Learned a level 6 spell: Leda's Unmaking
 13945 | Lair:2   | Killed a death yak
 13953 | Lair:2   | Killed a death yak
 13954 | Lair:2   | Reached skill level 1 in Earth Magic
 14195 | Lair:3   | Noticed a death yak
 14195 | Lair:3   | Noticed a death yak
 14196 | Lair:3   | Noticed a death yak
 14207 | Lair:3   | Noticed an eight-headed hydra
 14208 | Lair:3   | Noticed a death yak
 14210 | Lair:3   | Noticed a death yak
 14286 | Lair:3   | Killed an eight-headed hydra
 14565 | Lair:3   | Identified the +0 robe "Kejinyt" {Int+3 Dex-4 Archmagi}
 14629 | Lair:3   | Found a staircase to the Snake Pit.
 14758 | Lair:3   | Reached XP level 13. HP: 100/109 MP: 26/26
 15511 | Lair:4   | Reached ***** piety under Vehumet
 15511 | Lair:4   | Offered knowledge of Plasma Beam by Vehumet.
 15530 | Lair:4   | Found a staircase to the Slime Pits.
 15532 | Lair:4   | Found a viscous altar of Jiyva.
 15663 | Lair:4   | Reached skill level 13 in Fighting
 16287 | Lair:4   | Learned a level 5 spell: Iskenderun's Battlesphere
 16558 | Lair:4   | Reached skill level 5 in Earth Magic
 16903 | Lair:4   | Learned a level 5 spell: Fireball
 16904 | Lair:5   | Entered Level 5 of the Lair of Beasts
 16919 | Lair:5   | Reached skill level 1 in Fire Magic
 17581 | Lair:5   | Reached skill level 14 in Fighting
 18325 | Lair:5   | Reached XP level 14. HP: 120/120 MP: 27/27
 18352 | Lair:5   | Reached skill level 5 in Fire Magic
 18989 | Orc:1    | Entered Level 1 of the Orcish Mines
 18989 | Orc:1    | Noticed an orc warlord
 19008 | D:9      | HP: 5/121 [orc warrior/+0 mace of holy wrath[an orc knight]
                  | (16)]
 19861 | Orc:1    | Noticed Porueniw's ghost (journeyman OpCK)
 19865 | Orc:1    | Found a transporter.
 19878 | Orc:1    | Noticed an orc warlord
 19903 | Orc:1    | Killed an orc warlord
 19904 | Orc:1    | Reached skill level 15 in Fighting
 20049 | Orc:1    | Found a transporter.
 20095 | Orc:2    | Entered Level 2 of the Orcish Mines
 20095 | Orc:2    | Found Udghiyzy's Book Shoppe.
 20095 | Orc:2    | Found Gauk's Magic Scroll Shop.
 20095 | Orc:2    | Found Oruhecvas's Armour Emporium.
 20102 | Orc:1    | Offered knowledge of Eringya's Noxious Bog by Vehumet.
 20352 | Orc:2    | Noticed Rupert
 20587 | Orc:2    | Noticed Josephine
 20591 | Orc:2    | Killed Josephine
 20628 | Orc:2    | Found Jyequm's Book Boutique.
 20678 | Orc:2    | Paralysed by Rupert for 3 turns
 20687 | Orc:2    | Found a staircase to the Elven Halls.
 20709 | Orc:2    | Found Rosoleaz's Weapon Shoppe.
 20753 | Orc:2    | Killed Rupert
 20842 | Orc:2    | Reached skill level 16 in Fighting
 20918 | Orc:2    | Found Zaitz's Armour Shoppe.
 21006 | Orc:2    | Noticed Kiciri's ghost (journeyman DrSh)
 21007 | Orc:2    | Found a bloodstained altar of Trog.
 21049 | Orc:2    | Found a transporter.
 21052 | Orc:2    | Found a transporter.
 21311 | Orc:1    | Found Fipoha's Armour Shop.
 21566 | Orc:1    | Offered knowledge of Yara's Violent Unravelling by Vehumet.
 21571 | Orc:1    | Killed Porueniw's ghost
 21699 | D:9      | Killed an orc warlord
 21700 | D:9      | Gained mutation: You regenerate health from kills. [demonic
                  | ancestry]
 21700 | D:9      | Reached XP level 15. HP: 77/131 MP: 15/28
 22146 | Snake:1  | Entered Level 1 of the Snake Pit
 22945 | Snake:1  | Reached skill level 10 in Fire Magic
 23412 | Snake:1  | Reached skill level 17 in Fighting
 24449 | Snake:2  | Noticed Aizul
 24769 | Snake:2  | Offered knowledge of Arcjolt by Vehumet.
 24775 | Snake:2  | Noticed Vashnia
 25163 | Snake:2  | Reached ****** piety under Vehumet
 25194 | Snake:2  | Killed Aizul
 25202 | Snake:2  | Killed Vashnia
 25925 | Snake:3  | Reached skill level 18 in Fighting
 25943 | Snake:3  | Reached XP level 16. HP: 143/143 MP: 13/29
 26628 | Snake:3  | Found Reoll's Book Boutique.
 26628 | Snake:3  | Found Ykhliezo's General Store.
 26637 | Snake:3  | Found Umof's Weapon Shop.
 26639 | Snake:3  | Found Xouveiwk's Assorted Antiques.
 26658 | Snake:3  | Bought the +2 pair of slick slippers {slick, slippery,
                  | EV+4} for 574 gold pieces
 26658 | Snake:3  | Bought a scroll of fear for 60 gold pieces
 26658 | Snake:3  | Found the +2 pair of slick slippers {slick, slippery, EV+4}
 27563 | Snake:3  | Identified a scroll of acquirement
 27563 | Snake:3  | Acquired 720 gold pieces
 27653 | Snake:4  | Entered Level 4 of the Snake Pit
 28109 | Snake:4  | Noticed Mara
 28115 | Snake:4  | Killed Mara
 28320 | Snake:4  | Reached skill level 19 in Fighting
 28374 | Snake:4  | Offered knowledge of Starburst by Vehumet.
 28663 | Orc:2    | Bought Sif Muna's Textbook on Incandescent Sculpting for
                  | 690 gold pieces
 28810 | Shoals:1 | Entered Level 1 of the Shoals
 29245 | Shoals:1 | You are sucked into a shaft and drop 1 floor!
 29257 | Shoals:2 | Noticed Ilsuiw
 29267 | Shoals:2 | Noticed Nikola
 29448 | Shoals:2 | Killed Ilsuiw
 29620 | Shoals:2 | Noticed a kraken
 29625 | Shoals:2 | Killed a kraken
 29900 | Shoals:2 | Gained mutation: Your touch may inflict irresistible damage
                  | on your foes. [demonic ancestry]
 29900 | Shoals:2 | Reached XP level 17. HP: 153/153 MP: 30/30
 30059 | Shoals:2 | Killed Nikola
 30060 | Shoals:2 | Reached skill level 15 in Fire Magic
 30303 | Shoals:2 | Identified the +1 scale mail of Decaying Beauty {rF++ rC-
                  | Regen+ Str+3}
 30318 | Shoals:2 | Identified the +3 chain mail of the Harvest {Int+6}
 30564 | Shoals:3 | Identified the +0 pair of boots of Fuzzy Tender Moments
                  | {Rampage rCorr Str-3 Slay+2}
 30878 | Shoals:3 | Offered knowledge of Ozocubu's Refrigeration by Vehumet.
 30881 | Shoals:3 | Reached skill level 10 in Spellcasting
 31530 | Shoals:4 | Entered Level 4 of the Shoals
 32056 | Shoals:4 | Noticed a kraken
 32059 | Shoals:4 | Killed a kraken
 32181 | Shoals:4 | Learned a level 8 spell: Ignition
 32451 | Shoals:4 | Found a stormy altar of Qazlal.
 32845 | Shoals:4 | Reached skill level 1 in Shields
 33306 | Shoals:4 | Got a barnacled rune of Zot
 33761 | Elf:1    | Entered Level 1 of the Elven Halls
 33919 | Elf:1    | Reached XP level 18. HP: 160/160 MP: 12/33
 33997 | Elf:1    | Found Zibb's Jewellery Boutique.
 33997 | Elf:1    | Found Orocoraf's Book Emporium.
 33999 | Elf:1    | Found Ciak's Book Emporium.
 34062 | Elf:1    | Found a flickering gateway to a bazaar.
 34073 | Bazaar   | Entered a bazaar
 34073 | Bazaar   | Found Lall's Antique Armour Shop.
 34118 | Bazaar   | Found Umaliusch's General Store.
 34138 | Bazaar   | Found Yreimefi's Antique Weapon Shop.
 34146 | Bazaar   | Bought a twisted dagger for 182 gold pieces
 34146 | Bazaar   | Identified the +1 dagger of Uskayaw's Benevolence {holy,
                  | Str+5 Stlth-} (You bought it in a shop in a bazaar)
 34146 | Bazaar   | Bought a buzzing flail for 221 gold pieces
 34146 | Bazaar   | Identified the +6 flail of Meifi {flame, Int+4} (You bought
                  | it in a shop in a bazaar)
 34182 | Elf:1    | Offered knowledge of Maxwell's Capacitive Coupling by
                  | Vehumet.
 34970 | Elf:2    | Found Kack's Antique Weapon Boutique.
 34973 | Elf:2    | Found Ydwusk's Magic Scroll Shop.
 34975 | Elf:2    | Found Yfoobu's Armour Boutique.
 34993 | Elf:2    | Bought a faintly glowing rapier for 324 gold pieces
 34993 | Elf:2    | Identified the +6 rapier of Due Proportion {venom, rElec}
                  | (You bought it in a shop on level 2 of the Elven Halls)
 35022 | Elf:2    | Found Ishrey's Book Emporium.
 35108 | Elf:2    | Noticed Jorgrun
 35111 | Elf:2    | Killed Jorgrun
 35309 | Elf:2    | Got the Dissertation on Assaults
 35407 | Orc:2    | Bought the Annotations on the Welkin and the Catacomb for
                  | 528 gold pieces
 35412 | Orc:2    | Learned a level 2 spell: Sublimation of Blood
 35556 | Elf:2    | Reached skill level 1 in Necromancy
 35724 | Elf:2    | Reached skill level 5 in Shields
 35755 | Elf:2    | Found a runed translucent gate.
 35756 | Elf:2    | Found a runed translucent gate.
 35756 | Elf:2    | Found a runed translucent gate.
 36143 | Elf:2    | Noticed Donald
 36154 | Elf:2    | Killed Donald
 36175 | Elf:2    | Noticed Zenata
 36201 | Elf:3    | Entered Level 3 of the Elven Halls
 36705 | Elf:3    | Acquired the ring "Bongeka" {rElec rPois rF+ Int+4 Dex+3
                  | Stlth-}
 36887 | Elf:3    | Paralysed by an air elemental for 1 turns
 37172 | Abyss:2  | Cast into level 2 of the Abyss (a deep elf sorcerer)
 37347 | Abyss:2  | Reached skill level 5 in Necromancy
 37372 | Abyss:2  | Killed from afar by a white draconian stormcaller

Illustrated notes

Levels and vault maps discovered:
D:1:      grunt_arrival_crossed_arrows, layout_basic
D:2:      layout_loops_ring
D:3:      layout_rooms, ebering_ghost_disaster_area,
          hellmonk_ecumenical_altar_zigzags
D:4:      layout_loops_ring, nicolae_overflow_hidden_temple,
          serial_bayou_crossing
D:5:      layout_rooms, gammafunk_ghost_mausoleum, minmay_manual_mandibuliform
D:6:      layout_basic, uniq_jeremiah, uniq_prince_ribbit1, uniq_edmund
D:7:      layout_basic, minmay_temple_entry_water_ring, enter_ossuary_1,
          chequers_serial_rivers_micro_d, uniq_menkaure
D:8:      cheibrodos_helix_gallery, layout_rooms, serial_shops,
          kennysheep_little_box
D:9:      layout_roguey, lemuel_doored_altar, hiddenorc2_lemuel, uniq_joseph
D:10:     layout_small_grid, lair_entry_dummy, enter_bailey_2,
          minmay_sticks_and_stones
Temple:   nicolae_temple_two_arcs
Lair:1:   layout_cellular_growth, grunt_megastairs_5, lemuel_fruit_tree,
          uniq_urug, uniq_harold
Lair:2:   layout_cave_pods, nicolae_shoals_entry_roost, uniq_fannar
Lair:3:   layout_cave_pods, nicolae_snake_entry_squirm,
          chequers_serial_rivers_micro_d, infiniplex_staircase_pool
Lair:4:   layout_roguey, nicolae_slime_entry_field_trip, serial_rivers,
          chequers_serial_rivers_large_b, chequers_serial_rivers_micro_e,
          chequers_serial_rivers_large_a, chequers_serial_rivers_small_3,
          chequers_serial_rivers_room_b, chequers_serial_rivers_room_b,
          minivault_11
Lair:5:   evilmike_catoblepas_cave, layout_misc_corridors
Shoals:1: layout_shoals
Shoals:2: layout_shoals, uniq_nikola, uniq_ilsuiw
Shoals:3: layout_shoals, nicolae_shoals_spectral_cove
Shoals:4: shoals_end_grunt_ice, layout_shoals, lemuel_altar_in_water
Snake:1:  layout_grid_maze, special_room
Snake:2:  layout_rooms, uniq_aizul, uniq_vashnia
Snake:3:  layout_basic, grunt_megastairs_4, minmay_shoptagon
Snake:4:  grunt_snake_rune_spirals, layout_onion, serial_shops, shop,
          basic_altar, uniq_mara
Orc:1:    layout_caves, gammafunk_ghost_arena, serial_shops, shop
Orc:2:    st_orc_open, layout_caves, serial_shops, shop, shop,
          gammafunk_ghost_wrathful_warriors, uniq_josephine, uniq_rupert
Elf:1:    eino_elf_arrival_shootout, layout_geoelf_grid, serial_shops,
          freezing_bzr, minmay_elf_crystal_heptagon,
          nicolae_concentric_dashed_squares_wild, minmay_shop_grove
Elf:2:    nicolae_elf_blades_crystal_corner, layout_loops_corners, serial_shops,
          nicolae_book_shop_shelving, minmay_elf_annihilation, minmay_shop_star,
          uniq_jorgrun, uniq_donald, uniq_zenata
Elf:3:    minmay_elf_hall_furrowed, layout_loops_cross,
          ploomutoo_gammafunk_ghost_potion_laboratory
Abyss:2:  base: D:3, evilmike_abyss_exit_glass

Skill      XL: |  1  2  3  4  5  6  7  8  9 10 11 12 13 14 15 16 17 18 |
---------------+-------------------------------------------------------+-----
Spellcasting   | 3 4 5 7 9 11 12 | 12.0
Conjurations   | 5 6 8 9 11 12 13 14 | 14.0
Fighting       | 1 3 5 6 7 9 11 12 14 16 18 19 | 19.0
Dodging        | 3 4 5 |  5.4
Armour         | 2 4 5 6 |  6.2
Earth Magic    | 3 5 |  5.0
Fire Magic     | 4 9 11 14 16 17 | 17.3
Shields        | 3 6 |  6.4
Necromancy     | 5 |  5.0
Stealth        | |  1.7

Action                     |  1- 3 |  4- 6 |  7- 9 | 10-12 | 13-15 | 16-18 || total
---------------------------+-------+-------+-------+-------+-------+-------++-------
  Melee: Short sword       |     2 |       |       |       |       |       ||     2
         Dagger            |     4 |     5 |       |       |       |       ||     9
         Punch             |     1 |       |       |     1 |       |       ||     2
         Whip              |       |       |     9 |    77 |    64 |    39 ||   189
         Touch             |       |       |       |    15 |    12 |     7 ||    34
   Cast: Magic Dart        |    71 |    89 |    93 |   253 |   432 |    89 ||  1027
         Searing Ray       |       |    13 |    57 |   102 |   120 |    40 ||   332
         Fulminant Prism   |       |       |       |    65 |    41 |     3 ||   109
         Orb of Destructio |       |       |       |     4 |    18 |    31 ||    53
         Iskenderun's Batt |       |       |       |       |   123 |    97 ||   220
         Fireball          |       |       |       |       |    80 |   449 ||   529
         Leda's Unmaking   |       |       |       |       |     1 |     6 ||     7
         Ignition          |       |       |       |       |       |     5 ||     5
         Sublimation of Bl |       |       |       |       |       |     6 ||     6
  Evoke: Wand              |       |       |     3 |       |     1 |       ||     4
    Use: Scroll            |     1 |       |     3 |    11 |     6 |    27 ||    48
         Potion            |       |       |       |     3 |     5 |     3 ||    11
 Armour: Robe              |     5 |    24 |    95 |   123 |       |       ||   247
         Ring mail         |       |       |       |   185 |   672 |   290 ||  1147
  Dodge: Dodged            |    10 |    24 |    80 |   237 |   368 |   176 ||   895
  Block: Buckler           |       |       |       |       |       |     7 ||     7

Table legend: (Time is in decaauts)
 A = Elapsed time spent in this place.
 B = Non-inter-level travel time spent in this place.
 C = Inter-level travel time spent in this place.
 D = Time resting spent in this place.
 E = Time spent auto-exploring this place.
 F = Levels seen in this place.
 G = Mean time per level.
                   A        B        C        D        E       F      G
               +--------+--------+--------+--------+--------+-----+--------+
         Total |  37654 |  35108 |   2546 |   2875 |  25787 |  33 | 1141.0 |
       Dungeon |  10843 |  10161 |    682 |    282 |   8243 |  10 | 1084.3 |
        Temple |     18 |      2 |     16 |      0 |      0 |   1 |   18.0 |
          Lair |   8812 |   7984 |    828 |    413 |   6059 |   5 | 1762.4 |
        Shoals |   4837 |   4623 |    214 |    789 |   2990 |   4 | 1209.2 |
     Snake Pit |   6050 |   5757 |    293 |   1014 |   3774 |   4 | 1512.5 |
  Orcish Mines |   2240 |   1955 |    285 |     34 |   1535 |   2 | 1120.0 |
   Elven Halls |   3308 |   3081 |    227 |    343 |   2131 |   3 | 1102.7 |
         Abyss |    201 |    201 |      0 |      0 |      0 |   1 |  201.0 |
        Bazaar |     93 |     93 |      0 |      0 |     70 |   1 |   93.0 |
       Ossuary |    640 |    640 |      0 |      0 |    529 |   1 |  640.0 |
        Bailey |    607 |    607 |      0 |      0 |    455 |   1 |  607.0 |
               +--------+--------+--------+--------+--------+-----+--------+

Top non-repeatable levels by time:
     D:9: 2499 daAuts
 Snake:1: 2264 daAuts
 Snake:3: 2091 daAuts
  Lair:3: 2017 daAuts
  Lair:4: 1954 daAuts
  Lair:2: 1753 daAuts
Shoals:4: 1638 daAuts
  Lair:1: 1629 daAuts
Shoals:3: 1462 daAuts
  Lair:5: 1456 daAuts
 Snake:2: 1422 daAuts
   Orc:1: 1310 daAuts
Shoals:2: 1291 daAuts
   Elf:2: 1243 daAuts
     D:1: 1191 daAuts
